 Dungeon Crawl Stone Soup version 0.27.1-3-gb3d3a73c9e (webtiles) character file.

Game seed: 6645737128189900396

95 styxcanada the Sneak (level 4, -8/23 HPs)
             Began as a Spriggan Brigand on Oct 27, 2021.
             Killed by divine providence
             ... invoked by an orc priest
              (15 damage)
             ... on level 3 of the Dungeon.
             The game lasted 00:10:05 (3827 turns).

styxcanada the Sneak (Spriggan Brigand)             Turns: 3827, Time: 00:10:08

Health: -8/23      AC:  3    Str:  7    XL:     4   Next: 40%
Magic:  14/14      EV: 17    Int: 12    God:
Gold:   171        SH:  0    Dex: 17    Spells: 3/3 levels left

rFire    + . .     SeeInvis +   i - +2 short sword (holy)
rCold    . . .     Faith    .   (shield restricted)
rNeg     . . .     Spirit   .   b - +0 robe
rPois    .         Reflect  .   (helmet restricted)
rElec    .         Harm     .   c - +0 cloak
rCorr    .         Rampage  .   (gloves unavailable)
Will     .....                  (boots unavailable)
Stlth    ++++......             (no amulet)
HPRegen  0.07/turn              j - ring of magical power
MPRegen  0.14/turn              k - ring of protection from fire

@: very quick
A: very small, no large weapons, unfitting armour, see invisible, speed 3
a: no special abilities


You were on level 3 of the Dungeon.
You visited 1 branch of the dungeon, and saw 4 of its levels.

You collected 171 gold pieces.

Inventory:

Hand Weapons
 a - a +2 dagger
 i - a +2 short sword of holy wrath (weapon)
 o - a +0 scimitar of electrocution
 p - a +0 hunting sling
Missiles
 d - 10 poisoned darts (quivered)
 e - 2 curare-tipped darts
 g - 108 stones
 h - 3 boomerangs
Armour
 b - a +0 robe (worn)
 c - a +0 cloak (worn)
Jewellery
 j - a ring of magical power (left hand)
 k - a ring of protection from fire (right hand)
 q - a +6 ring of intelligence
Scrolls
 n - a scroll of magic mapping
 r - 2 scrolls of identify
Potions
 f - 2 potions of resistance
 l - a potion of brilliance
 m - a potion of curing


   Skills:
 * Level 2.1 Fighting
 + Level 2.8 Short Blades
 + Level 2.2 Throwing
 * Level 2.2 Dodging
 * Level 7.6 Stealth


You had 3 spell levels left.
You didn't know any spells.
Your spell library contained the following spells:

 Spells                   Type           Power      Damage    Failure   Level
 Blade Hands              Tmut           0%         N/A       100%        5
 Irradiate                Conj/Tmut      0%         3d13      100%        5
 Dragon Form              Tmut           0%         N/A       100%        7


Dungeon Overview and Level Annotations

Branches:
Dungeon (4/15)
 Temple: D:4-7

Altars:
Fedhas

Shops:
D:4 =


Innate Abilities, Weirdness & Mutations

You are very small and have problems with some larger weapons.
You are too small for most types of armour.
You have supernaturally acute eyesight. (SInv)
You cover ground extremely quickly. (Speed+++)


Message History

Where to? (Enter - D:3, ? - help)
What level of the Dungeon? (default 1, ? - help)
There is a stone staircase leading down here.
You climb downwards.
The orc priest shouts!
You hear a shout!
Found a metallic inky potion and a scroll of enchant weapon.
There is a stone staircase leading up here.
There are monsters nearby!
Found a hunting sling.
Found a stone staircase leading up.
An orc comes into view. It is wielding a +0 hand axe.
An orc comes into view. It is wielding a +0 mace.
An orc priest comes into view. It is wielding a +0 whip.
Found Siesepre's Jewellery Shop.
Found a stone staircase leading up.
You completely miss the orc.
Unknown command.
There is a stone staircase leading up here.
Throw: 11 darts (poison)
Press: ? - help, Q - select action, (/) - cycle Shift-Dir - straight line, f - orc
Aim: an orc, wielding a +0 mace (62% to hit)
You throw a poisoned dart. The poisoned dart hits the orc.
The orc is poisoned.
The orc priest shouts!
The orc closely misses you.
You climb upwards.
There is a stone staircase leading down here.
You hit the orc priest.
The orc priest is moderately wounded.
The orc hits you with a +0 mace.
The orc priest begins to cast a cantrip, but forgets the words!
You closely miss the orc priest.
The orc priest is moderately wounded.
The orc completely misses you.
The orc priest mumbles some strange prayers to Beogh against you.
Beogh smites you!
You hit the orc priest.
The orc priest is moderately wounded.
The orc hits you but does no damage.
The orc priest mumbles some strange prayers to Beogh against you.
Beogh smites you!
Ouch! That really hurt!
You die...

###..........###### ###.#....###
#.............### #.....##...#
#.#.......##....######.#...#.....
###.......###.#..................
≈≈#......^.............#.........
#≈####.######.###...#............
#≈#....# #..##.#........#...).
..'.#### ###.#.o..###..####>..#
#≈### #....@#.#####.######## #≈#
#.#.o.....###...## ≈≈#
###.###...#.....#..# ###
#...##..#######.##.#
#####.###..## #.##.##
#.......#.## #.....# #.........#
#####.# #..<....### ### #########


You could see an orc priest and an orc.

Vanquished Creatures
  An orc wizard (D:3)
  An adder (D:2)
  2 dart slugs
  4 orcs (D:3)
  4 ball pythons
  5 endoplasms
  A giant cockroach (D:1)
  5 goblins
  6 hobgoblins
  A quokka (D:2)
  5 bats
  4 frilled lizards
  7 kobolds
  6 rats
52 creatures vanquished.

Notes
Turn   | Place    | Note
-------+----------+-------------------------------------------
     0 | D:1      | styxcanada the Spriggan Brigand began the quest for the
                  | Orb.
     0 | D:1      | Reached XP level 1. HP: 10/10 MP: 2/2
    21 | D:1      | Reached skill level 6 in Stealth
   168 | D:1      | Found a faded altar of an unknown god.
   292 | D:1      | Reached XP level 2. HP: 15/15 MP: 3/3
  1313 | D:2      | Reached skill level 7 in Stealth
  1620 | D:2      | Reached XP level 3. HP: 18/18 MP: 4/4
  3177 | D:3      | Found a blossoming altar of Fedhas.
  3293 | D:3      | Reached XP level 4. HP: 13/23 MP: 5/5
  3817 | D:4      | Found Siesepre's Jewellery Shop.
  3827 | D:3      | Killed from afar by an orc priest

Illustrated notes

Levels and vault maps discovered:
D:1:      eino_arrival_water_cross, layout_loops_ring,
          hellmonk_ecumenical_altar_run_dry
D:2:      layout_basic
D:3:      layout_rooms, mainiacjoe_overflow_tiny_flanked,
          kennysheep_generic_room_9
D:4:      layout_cave_pools, mainiacjoe_overflow_alcove_4,
          minmay_temple_entry_trees, nicolae_stop_n_shop_2, uniq_purgy

Skill      XL: |  1  2  3 |
---------------+----------+-----
Stealth        | 6 7 |  7.6
Dodging        | 2 |  2.2
Fighting       | 2 |  2.1
Short Blades   | |  2.8
Throwing       | |  2.2

Action                   |  1- 3 |  4- 6 || total
-------------------------+-------+-------++-------
Melee: Dagger            |    14 |       ||    14
       Short sword       |   137 |     9 ||   146
Throw: Dart              |    18 |     3 ||    21
  Use: Scroll            |     8 |     1 ||     9
 Stab: Sleeping          |    13 |     2 ||    15
       Distracted        |     2 |       ||     2
Armor: Robe              |    13 |     1 ||    14
Dodge: Dodged            |    97 |     4 ||   101
